 Dungeon Crawl Stone Soup version 0.21.1-1-g345015f (webtiles) character file.

2 Flooderbenga the Grave Robber (level 1, -4/13 HPs)
             Began as a Gnoll Necromancer on Apr 26, 2018.
             Slain by an orc (5 damage)
             ... on level 2 of the Dungeon.
             The game lasted 00:01:51 (77 turns).

Flooderbenga the Grave Robber (Gnoll Necromancer)     Turns: 77, Time: 00:01:51

Health: -4/13      AC:  3    Str: 10    XL:     1   Next: 40%
Magic:  5/6        EV: 14    Int: 17    God:
Gold:   17         SH:  0    Dex: 15    Spells: 7/9 levels left

rFire    . . .     SeeInvis .   (no weapon)
rCold    . . .     Gourm    .   (no shield)
rNeg     . . .     Faith    .   a - +1 robe
rPois    .         Spirit   .   (no helmet)
rElec    .         Reflect  .   (no cloak)
rCorr    .         Harm     .   (no gloves)
MR       .....                  (no boots)
Stlth    +++.......             (no amulet)
HPRegen  0.04/turn              (no ring)
MPRegen  0.10/turn              (no ring)

@: no status effects
A: distributed training, fangs 1, strong nose
a: no special abilities


You were on level 2 of the Dungeon.
You were not hungry.

You visited 1 branch of the dungeon, and saw 2 of its levels.

You collected 17 gold pieces.

Inventory:

Missiles
 f - 21 stones (quivered)
Armour
 a - a +1 robe (worn)
Books
 b - a book of Necromancy

   Spells                             Type                      Level
   a - Pain                           Necromancy                   1
   b - Animate Skeleton               Necromancy                   1
   c - Vampiric Draining              Necromancy                   3
   d - Regeneration                   Charms/Necromancy            3
   e - Animate Dead                   Necromancy                   4
   f - Borgnjor's Vile Clutch         Necromancy/Earth             5
Comestibles
 c - a ration


   Skills:
 + Level 0.0 Fighting
 + Level 0.0 Short Blades
 + Level 0.0 Long Blades
 + Level 0.0 Axes
 + Level 0.0 Maces & Flails
 + Level 0.0 Polearms
 + Level 0.0 Staves
 + Level 0.0 Slings
 + Level 0.0 Bows
 + Level 0.0 Crossbows
 + Level 0.0 Throwing
 + Level 0.0 Armour
 + Level 4.4 Dodging
 + Level 4.0 Stealth
 + Level 0.0 Shields
 + Level 0.0 Unarmed Combat
 + Level 4.8 Spellcasting
 + Level 0.0 Conjurations
 + Level 0.0 Hexes
 + Level 0.0 Charms
 + Level 0.0 Summonings
 + Level 7.0 Necromancy
 + Level 0.0 Translocations
 + Level 0.0 Transmutations
 + Level 0.0 Fire Magic
 + Level 0.0 Ice Magic
 + Level 0.0 Air Magic
 + Level 0.0 Earth Magic
 + Level 0.0 Poison Magic
 + Level 0.1 Invocations
 + Level 0.0 Evocations


You had 7 spell levels left.
You knew the following spells:

 Your Spells              Type           Power        Failure   Level  Hunger
a - Pain                  Necr           ####         1%          1    None
z - Animate Skeleton      Necr           N/A          1%          1    None


Dungeon Overview and Level Annotations

Branches:
Dungeon (2/15)

Altars:
Okawaru


Innate Abilities, Weirdness & Mutations

Your experience applies equally to all skills.
You have very sharp teeth.
Your uncanny sense of smell can sniff out nearby items.


Message History

The shaft crumbles and collapses.
The orc hits you.
* * * LOW HITPOINT WARNING * * *
The hobgoblin shouts!
The hobgoblin closely misses you.
Found an iron altar of Okawaru.
As you read the scroll labeled GIGANEUTEI, it crumbles to dust.
You feel blessed for a moment.
It was a scroll of remove curse.
The orc splashes around in the water.
The orc closely misses you.
As you read the scroll labeled QUX DEYNUPN, it crumbles to dust.
It is a scroll of enchant armour.
Your +0 robe glows green for a moment.
The orc hits you.
* * * LOW HITPOINT WARNING * * *
The orc misses you. The hobgoblin barely misses you.
You take 2 damage, and have 1/13 hp.
You aren't carrying any potions.
Unknown command.
Unknown command.
Aim: a hobgoblin (chance to defeat MR: 93%)
The hobgoblin writhes in agony!
The orc closely misses you. The orc hits you.
You die...

## #_##
.≈.≈##
##≈.≈.#
∆ .≈.≈##
##og≈.#
#@go≈#
##o.≈.#
####'###
#.#..<#
#....(#
#####.#
#.# ∆#.#
∆ #.#


You could see 3 orcs, a hobgoblin and a goblin.

Vanquished Creatures
  A goblin (D:1)
  A hobgoblin (D:1)
2 creatures vanquished.

Notes
Turn   | Place    | Note
-------+----------+-------------------------------------------
     0 | D:1      | Flooderbenga the Gnoll Necromancer began the quest for the Orb.
     0 | D:1      | Reached XP level 1. HP: 13/13 MP: 6/6
    24 | D:1      | Learned a level 1 spell: Animate Skeleton
    74 | D:1      | You fall through a shaft!
    74 | D:2      | Found an iron altar of Okawaru.
    77 | D:2      | Slain by an orc

Action                   || total
-------------------------++-------
 Cast: Pain              ||     8
  Use: Scroll            ||     2
Armor: Robe              ||     1
Dodge: Dodged            ||     7
